 Dungeon Crawl Stone Soup version 0.31.0-32-g396128a36d (webtiles) character file.

Game seed: 16439214853320219130

1722 boopmooplesden the Cruncher (level 8, -8/99 HPs)
             Began as an Armataur Gladiator on Mar 23, 2024.
             Was a Follower of Trog.
             Mangled by a hornet (11 damage)
             ... while paralysed by a hornet
             ... on level 7 of the Dungeon.
             The game lasted 00:08:20 (4699 turns).

boopmooplesden the Cruncher (Armataur Gladiator)    Turns: 4699, Time: 00:08:21

Health: -8/99      AC: 14    Str: 22    XL:     8   Next: 75%
Magic:  8/8        EV:  1    Int:  9    God:    Trog [*.....]
Gold:   240        SH:  0    Dex: 18    Spells: 7/7 levels left

rFire   x . .        s - +7 staff of the Meek {protect, meekguard}
rCold   . . .        (shield currently unavailable)
rNeg    . . .        k - +0 plate armour
rPois   .            n - +2 helmet "Fovyc" {rF- Dex+7}
rElec   .            v - +0 cloak
rCorr   +            (no gloves)
SInv    .            (no barding)
Will    .....        (no amulet) Stlth
                     m - ring of resist corrosion
HPRegen 0.36/turn    (no ring)
MPRegen 0.11/turn

%: roll
@: paralysed, berserking, lethally poisoned (-8 -> -11), slowed
A: large, deformed body, tough skin 3, armoured tail, roll 2
a: Renounce Religion, Berserk


You were on level 7 of the Dungeon.
You worshipped Trog.
Trog was aware of your devotion.
You visited 2 branches of the dungeon, and saw 8 of its levels.

You collected 240 gold pieces.

Inventory:

Hand Weapons
 a - a +1 quarterstaff
 l - a +5 club
 s - the +7 staff of the Meek (weapon) {protect, meekguard}
   (You found it on level 4 of the Dungeon)
Missiles
 d - a throwing net (quivered)
 e - a javelin
Armour
 c - a +1 helmet
 f - a +0 kite shield
 k - a +0 plate armour (worn)
 n - the +2 helmet "Fovyc" (worn) {rF- Dex+7}
   (You took it off Robin on level 3 of the Dungeon)

   Dex+7:     It affects your dexterity (+7).
   rF-:       It makes you vulnerable to fire.
 v - a +0 cloak (worn)
Jewellery
 m - a ring of resist corrosion (left hand)
 o - a ring of resist corrosion
Scrolls
 b - 2 scrolls of vulnerability
 t - 2 scrolls of identify
 u - a scroll of immolation
 x - a scroll of brand weapon {unknown}
Potions
 g - a potion of lignification
 h - a potion of mutation {unknown}
 i - 5 potions of curing
 j - a potion of ambrosia
 p - a potion of cancellation {unknown}
 q - a potion of heal wounds
 r - a potion of magic {unknown}
 w - a potion of degeneration {unknown}


   Skills:
 + Level 4.1 Fighting
 + Level 8.7 Staves
 + Level 1.9 Throwing
 + Level 5.1 Armour
 + Level 2.6 Dodging
 + Level 2.2 Stealth


You had 7 spell levels left.
You didn't know any spells.
Your spell library contained the following spells:

 Spells                   Type           Power      Damage    Failure   Level
 Ensorcelled Hibernation  Hex/Ice        0%         N/A       100%        2
 Passwall                 Erth           0%         N/A       100%        3
 Swiftness                Air            0%         N/A       100%        3


Dungeon Overview and Level Annotations

Branches:
Dungeon (7/15)             Temple (1/1) D:4

Altars:
Ashenzari
Cheibriados
Dithmenos
Fedhas
Hepliaklqana
Kikubaaqudgha
Makhleb
Nemelex Xobeh
Okawaru
Qazlal
Ru
Sif Muna
Trog
Uskayaw
Vehumet
Wu Jian
Xom
Yredelemnul
Zin

Shops:
D:2 ?[(*:   D:6 :!*[!


Innate Abilities, Weirdness & Mutations

Armour fits poorly on your strangely shaped body.
You have extremely tough skin. (AC +3)
You have a long armoured tail.
You regenerate magic and health when rolling toward enemies. (Rampage Regen)


Message History

You can move again.
You feel very sick. The bullfrog attacks as it pursues you!
The bullfrog hits you but does no damage.
The hornet attacks as it pursues you!
The hornet stings you but does no damage.
The bullfrog hits you but does no damage.
The hornet stings you.
You are more poisoned.
You feel as though you will be slow longer.
You feel extremely sick.
The bullfrog hits you but does no damage.
The hornet closely misses you. The bullfrog barely misses you.
You feel very sick.
The hornet stings you but does no damage.
The bullfrog hits you but does no damage.
There is a stone staircase leading up here.
A red film seems to cover your vision as you go berserk!
You feel yourself moving faster!
You feel mighty!
You feel yourself speed up.
You feel very sick. The hornet stings you!
You suddenly lose the ability to move!
The bullfrog hits you.
* * * LOW HITPOINT WARNING * * *
The hornet stings you but does no damage.
The bullfrog hits you but does no damage.
The hornet stings you!
* * * LOW HITPOINT WARNING * * *
You feel yourself slow down.
You feel sick. The bullfrog hits you.
* * * LOW HITPOINT WARNING * * *
The hornet barely misses you. The bullfrog hits you.
* * * LOW HITPOINT WARNING * * *
You feel yourself speed up.
You feel sick. The hornet stings you.
* * * LOW HITPOINT WARNING * * *
You feel yourself slow down. The bullfrog hits you.
* * * LOW HITPOINT WARNING * * *
The hornet stings you!
You die...

#...............
#....~..........
#..~~~~.........
#..~_.~.........
#.~≈≈~..........
#≈..~~.>.....#
###..........#
#...Fy.....#
#....@.....#
##........##
##......##
########


You could see a hornet and a bullfrog.

Vanquished Creatures
  Sigmund (D:6)
  Eustachio (D:4)
  Duvessa (D:4)
  An ice beast (D:5)
  2 sky beasts (D:6)
  A black bear (D:6)
  A scorpion (D:4)
  2 bullfrogs (D:6)
  Dowan (D:4)
  A howler monkey (D:5)
  A bombardier beetle (D:6)
  3 hounds
  2 jellies
  An orc priest (D:4)
  A sleepcap (D:6)
  A gnoll bouda (D:3)
  4 iguanas
  Terence (D:3)
  2 orc wizards (D:6)
  Robin (D:3)
  8 adders
  3 gnolls (D:3)
  A shadow imp (D:5)
  A white imp (D:6)
  2 ufetubi (D:6)
  A ribbon worm (D:4)
  14 orcs
  5 endoplasms
  2 giant cockroaches
  13 goblins
  9 hobgoblins
  5 jackals
  4 quokkas
  8 ball pythons
  2 bats (D:3)
  3 frilled lizards
  5 kobolds
  5 rats
120 creatures vanquished.

Notes
Turn   | Place    | Note
-------+----------+-------------------------------------------
     0 | D:1      | boopmooplesden the Armataur Gladiator began the quest for
                  | the Orb.
     0 | D:1      | Reached XP level 1. HP: 17/17 MP: 1/1
   172 | D:1      | Reached skill level 3 in Staves
   226 | D:1      | Found a faded altar of an unknown god.
   254 | D:1      | Reached XP level 2. HP: 19/24 MP: 2/2
   890 | D:2      | Found Wary's Antique Armour Emporium.
   933 | D:2      | Found Ekavuh's Antique Weapon Emporium.
   953 | D:2      | Found Beneul's General Store.
   986 | D:2      | Found Jifreoqu's Book Boutique.
   997 | D:2      | Reached XP level 3. HP: 29/29 MP: 3/3
  1507 | D:2      | Found Jinigohe's Magic Scroll Shop.
  1829 | D:3      | Identified the +2 helmet "Fovyc" {rF- Dex+7}
  1829 | D:3      | Noticed Robin
  1860 | D:3      | Killed Robin
  1861 | D:3      | Reached skill level 1 in Armour
  1958 | D:3      | Reached XP level 4. HP: 36/36 MP: 4/4
  2089 | D:3      | Reached skill level 4 in Staves
  2134 | D:3      | Reached XP level 5. HP: 30/42 MP: 5/5
  2263 | D:3      | Noticed Terence
  2270 | D:3      | Killed Terence
  2667 | D:4      | Noticed Dowan
  2668 | D:4      | Noticed Duvessa
  2690 | D:4      | Killed Duvessa
  2691 | D:4      | Reached skill level 5 in Staves
  2691 | D:4      | Reached skill level 1 in Stealth
  2691 | D:4      | Reached XP level 6. HP: 19/50 MP: 6/6
  2700 | D:4      | Killed Dowan
  3198 | D:4      | Found the +7 staff of the Meek {protect, meekguard}
  3378 | D:4      | Found a staircase to the Ecumenical Temple.
  3385 | Temple   | Entered the Ecumenical Temple
  3391 | Temple   | Became a worshipper of Trog the Wrathful
  3440 | D:4      | Found a shimmering blue altar of Sif Muna.
  3451 | D:4      | Found a broken altar of Ashenzari.
  3580 | D:4      | Noticed Eustachio
  3609 | D:4      | Killed Eustachio
  3610 | D:4      | Reached skill level 6 in Staves
  3610 | D:4      | Gained mutation: You regenerate magic and health when
                  | rolling toward enemies. (Rampage Regen) [Armataur growth]
  3610 | D:4      | Reached XP level 7. HP: 47/57 MP: 7/7
  3657 | D:5      | Entered Level 5 of the Dungeon
  3813 | D:5      | Reached skill level 7 in Staves
  3833 | D:5      | You fall into a shaft and drop 1 floor!
  3840 | D:6      | Found Zekan's Antique Armour Boutique.
  3880 | D:6      | Found Gumeux's Assorted Antiques.
  3909 | D:6      | Reached * piety under Trog
  3910 | D:6      | Reached XP level 8. HP: 51/63 MP: 8/8
  4005 | D:6      | Found Nep Maigi's Self-Published Books.
  4082 | D:6      | Reached skill level 8 in Staves
  4147 | D:6      | Found Ishropna's Distillery.
  4291 | D:6      | Found Peaschoch's Distillery.
  4312 | D:6      | Noticed Sigmund
  4321 | D:6      | Killed Sigmund
  4394 | D:6      | Reached skill level 5 in Armour
  4688 | D:7      | Found a blossoming altar of Fedhas.
  4689 | D:7      | Noticed a hornet
  4692 | D:7      | Paralysed by a hornet for 1 turns
  4697 | D:7      | Paralysed by a hornet for 3 turns
  4699 | D:7      | HP: 3/99 [bullfrog (3)]
  4699 | D:7      | Mangled by a hornet

Illustrated notes

Levels and vault maps discovered:
D:1:      dpeg_arrival_short_road, layout_loops_ring,
          shapermc_ecumenical_altar_mp_urbaneastern
D:2:      layout_basic, serial_shops, shop, nicolae_shop_crystal,
          nicolae_shop_competitors_out_of_business, nicolae_shop_stone, shop,
          grunt_ministairs_10
D:3:      layout_loops_ring, uniq_robin, uniq_terence
D:4:      layout_loops_ring, jmf_multi_god_temple2, temple_green,
          serial_library_hellmonk_hallway_b, pf_guarded_unrand_meek,
          uniq_eustachio, uniq_duvessa
D:5:      layout_rooms, nicolae_elyvilon_peaceful_grove, uniq_edmund
D:6:      layout_loops_ring, serial_shops, shop,
          nicolae_shop_tiny_statue_garden, nicolae_shop_back_alley_shop,
          nicolae_shop_overgrown_old_shop, nicolae_custom_books,
          grunt_decor_junction, uniq_sigmund
D:7:      layout_rooms, lemuel_crystal_altar, fedhas_altar_2,
          kennysheep_pointless_box, uniq_pikel
Temple:   nicolae_temple_x_marks_the_god

Skill      XL: |  1  2  3  4  5  6  7  8 |
---------------+-------------------------+-----
Staves         | 3 4 5 6 7 8 |  8.7
Fighting       | 2 3 4 |  4.1
Armour         | 1 2 3 5 |  5.1
Stealth        | 1 2 |  2.2
Throwing       | |  1.9
Dodging        | |  2.6

Action                     |  1- 3 |  4- 6 |  7- 9 || total
---------------------------+-------+-------+-------++-------
  Melee: Quarterstaff      |   124 |   138 |    98 ||   360
         Tailslap          |    17 |    23 |    18 ||    58
  Throw: Throwing net      |       |     3 |       ||     3
 Invoke: Berserk           |       |       |     1 ||     1
    Use: Scroll            |     8 |     2 |       ||    10
   Stab: Held in net/web   |       |     1 |       ||     1
 Armour: Leather armour    |    23 |       |       ||    23
         Skin              |     1 |       |       ||     1
         Plate armour      |   104 |    96 |   120 ||   320
  Dodge: Dodged            |    29 |    21 |    24 ||    74
